 Dungeon Crawl Stone Soup version 0.17-a0-1522-g6c5b4ba (webtiles) character file.

18 Jb9000 the Skirmisher (level 2, 0/20 HPs)
             Began as a Gargoyle Fighter on July 14, 2015.
             Slain by a giant gecko (3 damage)
             ... on level 1 of the Dungeon.
             The game lasted 00:01:53 (468 turns).

Jb9000 the Skirmisher (Gargoyle Fighter)             Turns: 468, Time: 00:01:53

Health: 0/20       AC:  8    Str: 19    XL:     2   Next: 70%
Magic:  2/2        EV:  8    Int:  8    God:
Gold:   16         SH:  9    Dex:  9    Spells: 0 memorised, 2 levels left

rFire  + . .     SeeInvis .     a - +0 flail
rCold  x . .     Clarity  .     p - +0 ring mail (curse)
rNeg   + . .     SustAt   .     c - +0 shield
rPois  ∞         Gourm    .     (no helmet)
rElec  +         Spirit   .     (no cloak)
rCorr  .         Warding  .     (no gloves)
rMut   .         Stasis   .     (no boots)
MR     .....                    (no amulet)
Stlth  +.........               (no ring)
                                k - ring of fire

@: not resistant to hostile enchantments, very unstealthy
A: negative energy resistance 1, electricity resistance, unbreathing,
petrification resistance, rot immunity, AC +2
a: no special abilities


You were on level 1 of the Dungeon.
You were not hungry.

You visited 1 branch of the dungeon, and saw 1 of its levels.

You collected 16 gold pieces.

Inventory:

Hand weapons
 a - a +0 flail (weapon)
Missiles
 j - 38 poisoned needles
Armour
 b - a +0 scale mail
 c - a +0 shield (worn)
 i - a +0 ring mail
 p - a cursed +0 ring mail (worn)
Jewellery
 k - a ring of fire (left hand)
Scrolls
 f - a scroll of remove curse
 q - 2 scrolls of blinking {unknown}
Potions
 d - a potion of might
 h - a potion of heal wounds {unknown}
 m - 2 potions of brilliance {unknown}
Comestibles
 e - 2 bread rations
 g - a meat ration
 l - a slice of pizza
 n - 2 fruits
 o - 3 chunks of flesh


   Skills:
 + Level 3.7 Fighting
 + Level 2.2 Maces & Flails
 + Level 3.3 Armour
 * Level 1.0 Stealth
 + Level 3.2 Shields
 + Level 0.5 Spellcasting


You had 2 spell levels left.
You didn't know any spells.

Dungeon Overview and Level Annotations

Branches:
Dungeon (1/15)

Altars:


Innate Abilities, Weirdness & Mutations

You are resistant to torment.
Your stone body is resilient (AC +2).
You are immune to poison.
You resist negative energy.
You are resistant to electric shocks.
You can survive without breathing.
You are immune to petrification.
You are immune to rotting.


Message History

The giant gecko bites you.
You barely miss the kobold.
The giant gecko bites you but does no damage.
The kobold hits you but does no damage.
Your shield prevents you from hitting the kobold.
You block the giant gecko's attack. The kobold hits you but does no damage.
The giant gecko closely misses you. The kobold hits you but does no damage.
You closely miss the kobold. The giant gecko closely misses you.
The bat hits you but does no damage. The kobold hits you.
* * * LOW HITPOINT WARNING * * *
You block the giant gecko's attack.
A quokka comes into view.
You barely miss the kobold. You block the bat's attack.
You block the quokka's attack. The kobold hits you but does no damage.
The giant gecko barely misses you. You block the quokka's attack.
You barely miss the kobold. You block the giant gecko's attack.
The kobold hits you but does no damage. The quokka bites you.
* * * LOW HITPOINT WARNING * * *
The giant gecko bites you.
You die...

### ##### ####..# #
....########.....###.
...... .............
...... #.....###.###
.....# #....##.....#
.. #.####....#.l#r#
####...........#@#
......###....#..#K#
####..####.#.##.....
##)÷.##.#..###.###
###.##.#........
#....#.######..
####.#.# .## #.#.# #
.....


You could see a giant gecko, a quokka and a kobold.

Vanquished Creatures
  3 bats (D:1)
  2 giant cockroaches (D:1)
  3 goblins (D:1)
  2 hobgoblins (D:1)
  A ball python (D:1)
  4 kobolds (D:1)
15 creatures vanquished.

Notes
Turn   | Place    | Note
--------------------------------------------------------------
     0 | D:1      | Jb9000 the Gargoyle Fighter began the quest for the Orb.
     0 | D:1      | Reached XP level 1. HP: 14/14 MP: 1/1
   188 | D:1      | Reached XP level 2. HP: 19/19 MP: 2/2
   329 | D:1      | Reached skill level 1 in Stealth
   468 | D:1      | Slain by a giant gecko

Vault maps used:
D:1:      dpeg_arrival_lava_temple_mockup, minmay_box_of_dots

Action                   || total
-------------------------++-------
Melee: Flail             ||    74
  Use: Scroll            ||     1
